 Dungeon Crawl Stone Soup version 0.21.1-1-g345015f (webtiles) character file.

10500 klusignolo54 the Arsonist (level 11, -14/74 HPs)
             Began as a Green Draconian Fire Elementalist on Mar 26, 2018.
             Was a High Priest of Qazlal.
             Killed from afar by an ogre mage (67 damage)
             ... with a crystal spear
             ... on level 2 of the Orcish Mines.
             The game lasted 01:23:23 (16514 turns).

klusignolo54 the Arsonist (DrFE)                   Turns: 16514, Time: 01:23:23

Health: -14/74     AC: 13    Str: 11    XL:     11   Next: 37%
Magic:  4/24       EV: 15    Int: 23    God:    Qazlal [*****.]
Gold:   1295       SH:  6    Dex: 11    Spells: 15/28 levels left

rFire    . . .     SeeInvis .   d - +3 short sword
rCold    . . .     Gourm    .   (no shield)
rNeg     . . .     Faith    +   (armour unavailable)
rPois    +         Spirit   .   (helmet restricted)
rElec    .         Reflect  .   (no cloak)
rCorr    .         Harm     .   s - +2 pair of gloves
MR       .....                  o - +2 pair of boots
Stlth    +.........             g - amulet of faith
HPRegen  0.22/turn              v - +4 ring of intelligence
MPRegen  0.19/turn              y - ring of stealth

@: short of breath, drained, repel missiles
A: breathe noxious fumes, unfitting armour, poison resistance, cold-blooded, AC
+7
a: Breathe Noxious Fumes, Upheaval, Elemental Force, Disaster Area, Renounce
Religion


You were on level 2 of the Orcish Mines.
You worshipped Qazlal.
Qazlal was extremely pleased with you.
You were not hungry.

You visited 3 branches of the dungeon, and saw 13 of its levels.

You collected 1295 gold pieces.

Inventory:

Hand Weapons
 d - a +3 short sword (weapon)
 n - a +0 dagger of draining
 x - a +0 dagger of venom
Armour
 o - a +2 pair of boots (worn)
 s - a +2 pair of gloves (worn)
Jewellery
 g - an amulet of faith (around neck)
 v - a +4 ring of intelligence (left hand)
 y - a ring of stealth (right hand)
 C - a +3 amulet of reflection {unknown}
Wands
 l - a wand of polymorph (15)
 E - a wand of clouds (7)
Scrolls
 c - a scroll of blinking {unknown}
 e - 5 scrolls of remove curse
 j - 2 scrolls of amnesia
 k - 3 scrolls of fog
 m - 4 scrolls of immolation
 q - a scroll of random uselessness {unknown}
 w - a scroll of noise {unknown}
 z - 5 scrolls of teleportation
 A - 3 scrolls of fear
Potions
 b - 3 potions of haste
 f - 4 potions of agility
 h - 2 potions of degeneration
 r - 3 potions of heal wounds
 t - 2 potions of cancellation
 u - 2 potions of curing
 D - 2 potions of brilliance
 F - a potion of flight {unknown}
 H - a potion of mutation {unknown}
Books
 a - a book of Flames

   Spells                             Type                      Level
   a - Flame Tongue                   Conjuration/Fire             1
   b - Throw Flame                    Conjuration/Fire             2
   c - Conjure Flame                  Conjuration/Fire             3
   d - Inner Flame                    Hexes/Fire                   3
   e - Sticky Flame                   Conjuration/Fire             4
   f - Fireball                       Conjuration/Fire             5
 G - a book of Flames

   Spells                             Type                      Level
   a - Flame Tongue                   Conjuration/Fire             1
   b - Throw Flame                    Conjuration/Fire             2
   c - Conjure Flame                  Conjuration/Fire             3
   d - Inner Flame                    Hexes/Fire                   3
   e - Sticky Flame                   Conjuration/Fire             4
   f - Fireball                       Conjuration/Fire             5
 I - a book of Air

   Spells                             Type                      Level
   a - Shock                          Conjuration/Air              1
   b - Swiftness                      Charms/Air                   2
   c - Static Discharge               Conjuration/Air              3
   d - Airstrike                      Air                          4
   e - Lightning Bolt                 Conjuration/Air              5
Comestibles
 i - 2 chunks of flesh
 p - 15 rations


   Skills:
 + Level 6.5(6.2) Dodging
 - Level 1.9(1.7) Stealth
 - Level 0.3(0.0) Unarmed Combat
 * Level 9.2(8.9) Spellcasting
 * Level 9.6(9.3) Conjurations
 * Level 10.2(9.9) Fire Magic


You had 15 spell levels left.
You knew the following spells:

 Your Spells              Type           Power        Failure   Level  Hunger
a - Flame Tongue          Conj/Fire      #####        1%          1    None
b - Throw Flame           Conj/Fire      ######       1%          2    None
c - Conjure Flame         Conj/Fire      ######..     1%          3    None
d - Fireball              Conj/Fire      ######....   3%          5    ####...
e - Swiftness             Chrm/Air       ##......     10%         2    None


Dungeon Overview and Level Annotations

Branches:
Dungeon (10/15)            Temple (0/1) D:7             Orc (2/2) D:10
    Elf (1/3) Orc:2
   Lair: D:8-11

Altars:
Cheibriados
Dithmenos
Gozag
Hepliaklqana
Kikubaaqudgha
Okawaru
Qazlal
Ru
Trog
Wu Jian
The Shining One
Beogh

Shops:
D:9 [

Annotations:
D:8 Gastronok


Innate Abilities, Weirdness & Mutations

You can breathe blasts of noxious fumes.
Your lurid green scales are hard. (AC +7)
You cannot fit into any form of body armour.
Your system is resistant to poisons. (rPois)
You are cold-blooded and may be slowed by cold attacks.


Message History

The ogre mage is heavily wounded.
You don't have enough magic at the moment.
The ogre mage casts a spell.
The ogre mage blinks!
The ogre mage mumbles some strange words.
The ogre mage blinks!
You see here a giant club.
You see here a short sword.
You see here a whip.
Casting: Fireball
Confirm with . or Enter, or press ? or * to list all spells.
Aiming: Conjure Flame
Press: ? - help, Dir - move target cursor, p - ogre mage
Okay, then.
Things that are here:
a giant club; a chain mail; a hand axe The ogre mage points at you and mumbles some strange words.
The crystal spear hits you!
Ouch! That really hurt!
You die...

#.......###..#.......##
........<##...........# .
....................## ..
#...................# ...
#.#.........##....#####
....##.........####........#
..........[§§.§#.#.....#...#
.......)<)...§[§.§....###.##
##.....[)[.#[@§.§....##.###
#........[...=.[O....# ..
#...............[.[####.#
.......#.........[).#.#.###
......####.###..##........##
# #....# ###
####.##)......### ##.## #..
##..##.###. ## ##.
#<)..###.. ## ##.)..###.


You could see an ogre mage.

Vanquished Creatures
  3 two-headed ogres
  Pikel (D:8)
  2 orc sorcerers (Orc:2)
  Maurice (D:8)
  Psyche (D:8)
  A troll (D:10)
  A queen bee (D:9)
  2 hippogriffs
  2 hungry ghosts (D:10)
  2 wargs (Orc:2)
  2 sky beasts
  A slave (D:8)
  2 phantoms
  8 orc warriors
  A hornet zombie (D:7)
  10 ogres
  2 centaurs
  6 bullfrogs
  2 troll zombies (D:10)
  A scorpion (D:7)
  13 killer bees (D:9)
  A howler monkey (D:2)
  4 crimson imps
  A quasit (D:6)
  3 jellies
  5 hounds
  8 orc priests
  24 orc wizards
  2 centaur skeletons
  4 iguanas
  11 worker ants
  4 ogre zombies (D:10)
  2 hound zombies
  2 hound skeletons
  A worker ant zombie (D:6)
  9 adders
  9 oozes
  3 adder skeletons
  An adder zombie (D:5)
  A worm (D:3)
  A dart slug (D:1)
  5 leopard geckos
  48 orcs
  3 ball pythons
  6 bats
  5 giant cockroaches
  5 hobgoblins
  14 jackals
  20 kobolds
  2 quokkas
  8 frilled lizards
  5 goblins
  2 goblin skeletons (D:10)
  2 goblin zombies (D:10)
  3 hobgoblin skeletons (D:10)
  A hobgoblin zombie (D:10)
  A jackal skeleton (D:5)
  2 orc skeletons (D:10)
  8 orc zombies (D:10)
  14 rats
314 creatures vanquished.

Vanquished Creatures (others)
  A slave (D:8)
  A jelly (D:8)
  2 orc wizards (D:8)
  A leopard gecko (D:8)
  8 fungi (D:2)
  A plant (D:1)
  7 toadstools (D:2)
21 creatures vanquished.

Grand Total: 335 creatures vanquished

Notes
Turn   | Place    | Note
-------+----------+-------------------------------------------
     0 | D:1      | klusignolo54 the Draconian Fire Elementalist began the quest for the Orb.
     0 | D:1      | Reached XP level 1. HP: 14/14 MP: 3/3
   237 | D:1      | Reached XP level 2. HP: 20/20 MP: 1/5
   495 | D:1      | Learned a level 2 spell: Throw Flame
  1862 | D:1      | Reached XP level 3. HP: 26/26 MP: 4/6
  2487 | D:2      | Found an iron altar of Okawaru.
  2487 | D:2      | Found a stormy altar of Qazlal.
  2507 | D:2      | Became a worshipper of Qazlal Stormbringer
  2814 | D:2      | Learned a level 3 spell: Conjure Flame
  2822 | D:2      | Reached skill level 4 in Fire Magic
  2822 | D:2      | Reached XP level 4. HP: 26/33 MP: 2/8
  3127 | D:2      | Reached XP level 5. HP: 38/38 MP: 3/9
  3505 | D:3      | Reached * piety under Qazlal
  3816 | D:3      | Reached XP level 6. HP: 33/45 MP: 11/11
  4761 | D:4      | Reached skill level 5 in Fire Magic
  4944 | D:4      | Reached ** piety under Qazlal
  5268 | D:4      | Got a warped platinum ring
  5672 | D:4      | Your scales start taking on a lurid green colour.
  5672 | D:4      | Reached XP level 7. HP: 50/50 MP: 5/13
  5672 | D:4      | Gained mutation: Your system is resistant to poisons. (rPois) [Green Draconian growth]
  5835 | D:5      | Entered Level 5 of the Dungeon
  5892 | D:5      | Found a sacrificial altar of Ru.
  6508 | D:5      | Found a shadowy altar of Dithmenos.
  6537 | D:5      | Found an opulent altar of Gozag.
  6939 | D:6      | Found an ornate altar of the Wu Jian Council.
  7066 | D:6      | Found an ancient bone altar of Kikubaaqudgha.
  7448 | D:6      | Reached skill level 6 in Fire Magic
  7448 | D:6      | Reached XP level 8. HP: 57/57 MP: 2/15
  7492 | D:6      | Found a glowing golden altar of the Shining One.
  7630 | D:6      | Reached skill level 5 in Spellcasting
  7643 | D:6      | Identified the cursed ring of Arimpum {rPois EV-3} (You found it on level 4 of the Dungeon)
  7733 | D:6      | Reached skill level 5 in Conjurations
  7971 | D:6      | Reached *** piety under Qazlal
  8474 | D:7      | Found an iron altar of Okawaru.
  8494 | D:7      | Noticed a two-headed ogre
  8532 | D:7      | Killed a two-headed ogre
  8532 | D:7      | Reached skill level 7 in Fire Magic
  8532 | D:7      | Reached XP level 9. HP: 29/62 MP: 7/18
  9674 | D:7      | Found a staircase to the Ecumenical Temple.
  9860 | D:8      | Noticed a two-headed ogre
  9884 | D:7      | Learned a level 5 spell: Fireball
 10154 | D:8      | Noticed Pikel
 10356 | D:8      | Noticed Psyche
 10375 | D:8      | Killed Psyche
 10375 | D:8      | Reached skill level 5 in Dodging
 10375 | D:8      | Reached skill level 8 in Fire Magic
 10481 | D:8      | Killed Pikel
 10483 | D:8      | Noticed Maurice
 10510 | D:8      | Killed Maurice
 10646 | D:8      | Killed a two-headed ogre
 10646 | D:8      | Reached XP level 10. HP: 51/69 MP: 3/21
 11258 | D:9      | Noticed Gastronok
 11763 | D:9      | Found a bloodstained altar of Trog.
 11763 | D:9      | Found a hazy altar of Hepliaklqana.
 11764 | D:9      | Found a sacrificial altar of Ru.
 11764 | D:9      | Found a snail-covered altar of Cheibriados.
 11770 | D:9      | Found Raonalem's Armour Emporium.
 12084 | D:9      | Reached skill level 9 in Fire Magic
 12675 | D:10     | Entered Level 10 of the Dungeon
 12704 | D:10     | Learned a level 2 spell: Swiftness
 12783 | D:10     | Reached **** piety under Qazlal
 13503 | D:10     | Found a staircase to the Orcish Mines.
 13679 | Orc:1    | Entered Level 1 of the Orcish Mines
 14161 | Orc:1    | Found a roughly hewn altar of Beogh.
 14241 | Orc:1    | Found a roughly hewn altar of Beogh.
 14455 | Orc:2    | Entered Level 2 of the Orcish Mines
 14458 | Orc:2    | Noticed a two-headed ogre
 14688 | D:10     | Reached ***** piety under Qazlal
 15084 | Orc:2    | Reached XP level 11. HP: 53/74 MP: 10/23
 15259 | Orc:1    | HP: 1/74 [two-headed ogre/giant spiked club (6)]
 15263 | Orc:1    | Killed a two-headed ogre
 15774 | Orc:2    | Reached skill level 10 in Fire Magic
 16143 | Orc:2    | Found a staircase to the Elven Halls.
 16446 | Orc:2    | Noticed an orc sorcerer
 16452 | Orc:2    | Killed an orc sorcerer
 16453 | Orc:2    | Noticed an ogre mage
 16455 | Orc:2    | Noticed an orc sorcerer
 16483 | Elf:1    | Entered Level 1 of the Elven Halls
 16483 | Elf:1    | Noticed a deep elf mage
 16483 | Elf:1    | Noticed a deep elf mage
 16483 | Elf:1    | Noticed a deep elf mage
 16483 | Elf:1    | Noticed a deep elf mage
 16483 | Elf:1    | Noticed a deep elf mage
 16483 | Elf:1    | Noticed a deep elf mage
 16483 | Elf:1    | Noticed a deep elf mage
 16483 | Elf:1    | Noticed a glaive of chopping
 16493 | Orc:2    | Killed an orc sorcerer
 16514 | Orc:2    | Killed from afar by an ogre mage

Skill      XL: |  1  2  3  4  5  6  7  8  9 10 11 |
---------------+----------------------------------+-----
Dodging        | 2 3 4 5 6 |  6.5
Fire Magic     | 4 5 6 7 8 9 10 | 10.2
Conjurations   | 2 3 4 6 7 9 |  9.6
Spellcasting   | 3 4 6 7 8 9 |  9.2
Stealth        | |  1.9
Unarmed Combat | |  0.3

Action                   |  1- 3 |  4- 6 |  7- 9 | 10-12 || total
-------------------------+-------+-------+-------+-------++-------
Melee: Unarmed           |     9 |       |       |       ||     9
       Tailslap          |     7 |     3 |    17 |     9 ||    36
       Short sword       |    32 |    47 |   167 |    62 ||   308
 Cast: Flame Tongue      |    78 |   123 |   217 |   326 ||   744
       Throw Flame       |       |    17 |    23 |    25 ||    65
       Conjure Flame     |       |     1 |     9 |    18 ||    28
       Fireball          |       |       |     5 |    24 ||    29
       Swiftness         |       |       |       |     2 ||     2
Invok: Upheaval          |       |       |     5 |     1 ||     6
 Abil: Breathe Noxious F |       |       |     6 |     5 ||    11
  Use: Scroll            |     1 |     5 |     6 |     8 ||    20
       Potion            |       |       |     2 |     1 ||     3
  Eat: Ration            |     1 |       |     1 |     3 ||     5
       Chunk             |     3 |     9 |    15 |    16 ||    43
Armor: Skin              |    10 |    42 |    97 |    67 ||   216
Dodge: Dodged            |    29 |    66 |   174 |   163 ||   432
       Deflected         |       |       |       |     2 ||     2
Block: Other             |       |     4 |    24 |    51 ||    79
